[Event "42nd Olympiad Baku 2016 Open"]
[Site "Baku"]
[Date "2016.09.08"]
[Round "6.16"]
[White "Safarli, Eltaj"]
[Black "Halkias, Stelios"]
[Result "1-0"]
[ECO "C55"]
[WhiteElo "2688"]
[BlackElo "2565"]
[Annotator ""]
[PlyCount "103"]
[EventDate "2016.??.??"]
[EventCountry "AZE"]
[SourceTitle "playchess.com"]
[Source "ChessBase"]
[WhiteTeam "Azerbaijan"]
[BlackTeam "Greece"]
[WhiteTeamCountry "AZE"]
[BlackTeamCountry "GRE"]
[TimeControl "40/5400+30:1800+30"]

1. e4 {(00:00} e5 {(00:00} 2. Nf3 {(00:00} Nc6 {
(00:00} 3. Bc4 {(00:00} Nf6 {(00:44} 4. d3 {(00:
09} Be7 {(00:26} 5. O-O {(00:06} d6 {(00:27} 6. a4 {
(00:14} O-O {(08:00} 7. Re1 {(00:37} Na5 {(02:
42} 8. Ba2 {(01:27} c5 {(00:16} 9. Na3 {(00:40} Be6 {
(05:56} 10. Bxe6 {(03:22} fxe6 {(00:17} 11. c3 {
(00:19} Qd7 {(04:27} 12. Bd2 {(00:57} Nc6 {(12:
14} 13. Nc4 {(00:46} Bd8 {(06:24} 14. b4 {(05:21} Bc7
{(22:06} 15. b5 {(13:20} Na5 {(05:54} 16. Nxa5 {
(01:32} Bxa5 {(00:07} 17. d4 {(00:32} exd4 {(01:
42} 18. cxd4 {(00:15} Bxd2 {(01:15} 19. Qxd2 {(01:00}
c4 {(02:24} 20. e5 {(17:12} dxe5 {(14:17} 21. Nxe5 {
(01:55} Qd5 {(00:31} 22. Rac1 {(03:00} Rac8 {(
08:14} 23. Qb4 {(02:07} Rfd8 {(01:14} 24. Nf3 {(07:25}
Ne4 {(00:59} 25. Rc2 {(09:48} c3 {(00:49} 26. Qb1 {
(01:44} Rf8 {(00:49} 27. Qd1 {(00:49} Rf4 {(00:
31} 28. Re3 {(03:09} Rcf8 {(00:34} 29. Qd3 {(03:40} h6
{(00:33} 30. h3 {(03:10} Ng5 {(00:36} 31. Nxg5 {
(01:52} hxg5 {(00:01} 32. Qxc3 {(01:05} Rxd4 {(
00:07} 33. Rxe6 {(02:29} g4 {(01:08} 34. Re1 {(06:36}
Rxa4 {(00:33} 35. Rd2 {(01:51} Qf7 {(00:25} 36. h4 {
(01:08} Rf4 {(00:31} 37. Qe3 {(02:15} Rf5 {(00:
44} 38. Rb1 {(03:23} b6 {(00:26} 39. Rb4 {(01:12} Re8
{(00:34} 40. Re4 {(00:00} Rxe4 {(00:00} 41. Qxe4 {
(02:56} Qg6 {(25:57} 42. Rd8+ {(07:38} Kh7 {(01:
12} 43. h5 {(00:37} Qf7 {(01:12} 44. g3 {(09:18} g6 {
(04:01} 45. hxg6+ {(00:44} Qxg6 {(00:08} 46. Qb7+ {
(00:11} Kh6 {(00:53} 47. Qh1+ {(00:16} Kg7 {(00:
25} 48. Qh8+ {(00:07} Kf7 {(00:10} 49. Qf8+ {(00:10}
Ke6 {(00:04} 50. Qd6+ {(00:05} Kf7 {(00:06} 51. Rf8+ {
(00:06} Kg7 {(00:04} 52. Rg8+ {(00:04} 1-0

[Event "42nd Olympiad Baku 2016 Open"]
[Site "Baku"]
[Date "2016.09.08"]
[Round "6.27"]
[White "Sair Soyar Ahmad"]
[Black "Latela, Kananelo"]
[Result "1/2-1/2"]
[ECO "B92"]
[WhiteElo "1715"]
[BlackElo "1736"]
[Annotator ""]
[PlyCount "145"]
[EventDate "2016.??.??"]
[EventCountry "AZE"]
[SourceTitle "playchess.com"]
[Source "ChessBase"]
[WhiteTeam "Afghanistan"]
[BlackTeam "Lesotho"]
[WhiteTeamCountry "AFG"]
[BlackTeamCountry "LES"]
[TimeControl "40/5400+30:1800+30"]

1. e4 {(00:00} c5 {(00:56} 2. Nf3 {(00:00} d6 {(
02:13} 3. d4 {(00:25} cxd4 {(00:05} 4. Nxd4 {(00:07}
Nf6 {(01:12} 5. Nc3 {(00:18} a6 {(00:10} 6. Be2 {
(01:11} e5 {(01:32} 7. Nb3 {(01:11} Be6 {(00:21]
} 8. Bg5 {(01:26} Be7 {(00:35} 9. O-O {(01:49} Qc7 {
(00:37} 10. Qd2 {(01:30} Nbd7 {(03:12} 11. Rad1 {
(01:39} Rc8 {(02:58} 12. Be3 {(04:03} b5 {(00:
48} 13. a3 {(01:41} O-O {(08:19} 14. f4 {(08:27} Rfd8
{(02:46} 15. f5 {(02:44} Bc4 {(00:36} 16. Bxc4 {
(05:41} bxc4 {(01:18} 17. Nc1 {(01:02} Qb7 {(00:
37} 18. N1e2 {(09:10} Nxe4 {(01:32} 19. Qd5 {(01:54}
Qxd5 {(00:37} 20. Nxd5 {(00:19} Bf8 21. Bb6 {(10:35}
Nxb6 {(01:30} 22. Nxb6 {(00:29} Rc6 {(00:36} 23. Nd5 {
(01:11} Rb8 {(01:21} 24. Nb4 {(07:49} Rcb6 {(00:
32} 25. Rd5 {(00:40} Nc5 {(01:42} 26. Rd2 {(09:04} a5
{(00:15} 27. Nd5 {(00:07} Rxb2 {(00:11} 28. Nec3 {
(00:38} Nb3 {(01:35} 29. Rdf2 {(03:03} Nd4 {(00:
15} 30. f6 {(03:35} g6 {(04:53} 31. Ne3 {(03:58} Bh6 {
(00:36} 32. Nxc4 {(01:34} Rxc2 {(01:33} 33. Rxc2 {
(00:30} Nxc2 {(00:10} 34. Nxd6 {(03:05} Be3+ {(
00:34} 35. Kh1 {(00:33} Nxa3 {(00:10} 36. Nd5 {(00:37}
Bd4 {(00:23} 37. Ne7+ {(00:42} Kf8 {(00:17} 38. h4 {
(04:36} Rb1 {(00:19} 39. Rxb1 {(00:30} Nxb1 {(
00:06} 40. Nd5 {(00:00} a4 {(00:00} 41. Nb5 {(06:35}
a3 {(02:42} 42. Nb4 {(04:21} e4 {(00:20} 43. Nxd4 {
(00:35} Nc3 {(00:14} 44. Kg1 {(00:47} Ke8 {(00:
12} 45. Kf2 {(00:47} Kd7 {(00:22} 46. Ke3 {(02:18} Kd6
{(00:08} 47. g4 {(01:32} Kc5 {(00:44} 48. Nbc2 {
(00:34} a2 {(00:09} 49. Nb3+ {(01:29} Kc4 {(00:
16} 50. Nd2+ {(00:15} Kd5 {(00:18} 51. Kf4 {(01:44} h6
{(00:18} 52. g5 {(02:09} h5 {(00:23} 53. Nf1 {(
04:08} Ne2+ {(01:13} 54. Ke3 {(00:41} Nd4 {(00:10} 55.
Nb4+ {(00:37} Ke5 {(00:10} 56. Nxa2 {(00:29} Nf5+ {
(00:04} 57. Kf2 {(03:04} Nxh4 {(00:12} 58. Nc3 {
(03:09} Nf3 {(00:11} 59. Ke3 {(02:07} Nxg5 {(00:
09} 60. Ng3 {(02:11} Kxf6 {(00:36} 61. Kf4 {(01:14}
Ne6+ {(00:51} 62. Kxe4 {(00:22} h4 {(00:13} 63. Nf1 {
(01:41} g5 {(00:17} 64. Nd5+ {(01:06} Kg6 {(00:
10} 65. Nh2 {(01:45} f5+ {(01:23} 66. Ke5 {(00:53} Ng7
{(00:00} 67. Ne7+ {(00:48} Kh5 {(00:11} 68. Nxf5 {
(00:12} Nxf5 {(00:22} 69. Kxf5 {(00:02} h3 {(00:
33} 70. Ke4 {(03:34} Kh4 {(00:43} 71. Kf3 {(00:11} g4+
{(01:54} 72. Nxg4 {(00:18} h2 {(00:06} 73. Nxh2 {
(00:11} 1/2-1/2

[Event "42nd Olympiad Baku 2016 Open"]
[Site "Baku"]
[Date "2016.09.08"]
[Round "6.21"]
[White "Salem, A R  Saleh"]
[Black "Hossain, Enamul"]
[Result "1-0"]
[ECO "B48"]
[WhiteElo "2628"]
[BlackElo "2431"]
[Annotator ""]
[PlyCount "101"]
[EventDate "2016.??.??"]
[EventCountry "AZE"]
[SourceTitle "playchess.com"]
[Source "ChessBase"]
[WhiteTeam "United Arab Emirates"]
[BlackTeam "Bangladesh"]
[WhiteTeamCountry "UAE"]
[BlackTeamCountry "BAN"]
[TimeControl "40/5400+30:1800+30"]

1. e4 {(00:00} c5 {(00:00} 2. Nf3 {(00:00} e6 {(
00:00} 3. d4 {(00:00} cxd4 {(00:00} 4. Nxd4 {(00:00}
Nc6 {(00:13} 5. Nc3 {(00:00} Qc7 {(00:07} 6. Be3 {
(00:00} a6 {(00:07} 7. Qf3 {(00:00} Nf6 {(00:16]
} 8. O-O-O {(08:17} Nxd4 {(01:36} 9. Bxd4 {(03:21} e5 {
(00:10} 10. Be3 {(06:00} d6 {(00:20} 11. Qg3 {(
10:46} Be6 {(06:59} 12. Bg5 {(03:04} Be7 {(03:07} 13.
Bxf6 {(00:05} Bxf6 {(00:07} 14. Nd5 {(00:03} Bxd5 {
(01:30} 15. Rxd5 {(00:05} O-O {(01:07} 16. Be2 {
(04:23} Rac8 {(04:04} 17. Qb3 {(00:06} Qe7 {(04:
12} 18. Rhd1 {(02:44} Rc6 {(00:27} 19. Kb1 {(05:13}
Qc7 {(08:18} 20. c3 {(02:39} b5 {(05:20} 21. a4 {
(13:25} bxa4 {(10:08} 22. Qxa4 {(00:14} h6 {(02:
36} 23. Ka2 {(05:16} Rb8 {(03:12} 24. R1d2 {(01:18}
Bg5 {(11:06} 25. Rc2 {(00:37} Bd8 {(03:58} 26. g3 {
(03:53} Qc8 {(04:05} 27. h4 {(02:38} Be7 {(05:
27} 28. Rcd2 {(04:12} Qc7 {(03:36} 29. Ra5 {(04:14}
Rb7 {(12:46} 30. Rxa6 {(03:11} Rxa6 {(02:00} 31. Bxa6 {
(00:48} Ra7 {(00:18} 32. Kb1 {(00:21} Ra8 {(04:
50} 33. Qc4 {(03:11} Qa5 {(00:40} 34. Bb7 {(04:17}
Qa1+ {(03:06} 35. Kc2 {(00:01} Ra7 {(00:37} 36. Bd5 {
(02:24} Bf6 {(00:31} 37. Rd1 {(00:28} Qa5 {(00:
10} 38. Qc6 {(03:06} Qd8 {(00:39} 39. b4 {(01:55} Qb8
{(00:34} 40. Kb2 {(00:00} Kh7 {(00:00} 41. Bb3 {
(03:40} Ra8 {(02:53} 42. Bd5 {(05:00} Ra7 {(00:
09} 43. h5 {(00:20} Kg8 {(09:53} 44. Ra1 {(08:18} Rxa1
{(07:02} 45. Kxa1 {(00:02} Kf8 {(05:24} 46. Qd7 {
(01:02} Be7 {(00:02} 47. Kb2 {(01:09} Qb6 {(01:
34} 48. Kb3 {(00:08} Qb8 {(00:56} 49. f4 {(03:15} exf4
{(02:37} 50. gxf4 {(00:02} Qb6 {(00:14} 51. Qf5 {
(00:45} 1-0

[Event "42nd Olympiad Baku 2016 Open"]
[Site "Baku"]
[Date "2016.09.08"]
[Round "6.33"]
[White "Salim Mohammed Salim Al Amri"]
[Black "Wojciechowski, Paul"]
[Result "0-1"]
[ECO "B99"]
[WhiteElo "2050"]
[BlackElo "1992"]
[Annotator ""]
[PlyCount "88"]
[EventDate "2016.??.??"]
[EventCountry "AZE"]
[SourceTitle "playchess.com"]
[Source "ChessBase"]
[WhiteTeam "OMA"]
[BlackTeam "Channel Islands"]
[BlackTeamCountry "JCI"]
[TimeControl "40/5400+30:1800+30"]

1. e4 {(00:00} c5 {(00:00} 2. Nf3 {(00:00} a6 {(
00:00} 3. d4 {(00:00} cxd4 {(00:01} 4. Nxd4 {(00:00}
d6 {(00:16} 5. Nc3 {(00:09} Nf6 {(00:12} 6. Bg5 {
(00:19} e6 {(02:11} 7. f4 {(00:22} Be7 {(07:48}
8. Qf3 {(00:23} Nbd7 {(01:15} 9. O-O-O {(00:09} Qc7 {
(00:55} 10. g4 {(00:11} b5 {(03:02} 11. a3 {(01:
43} Bb7 12. Bxf6 {(00:26} Nxf6 {(03:23} 13. g5 {(00:15]
} Nd7 {(02:57} 14. f5 {(02:16} e5 {(23:24} 15. Nb3 {
(03:53} Bxg5+ {(18:59} 16. Kb1 {(00:14} Rc8 {(
01:14} 17. Rg1 {(02:46} Bf6 {(01:35} 18. Qd3 {(00:40}
Nc5 {(04:05} 19. Qe3 {(13:16} Nxe4 {(03:17} 20. Nxe4 {
(08:11} Qxc2+ {(00:08} 21. Ka2 {(00:12} Qxe4 {(
02:50} 22. Qa7 {(09:26} Ra8 {(03:26} 23. Qf2 {(00:49}
Qc6 {(06:23} 24. Na5 {(01:34} Qc7 {(00:09} 25. Nxb7 {
(00:19} Qxb7 {(00:02} 26. Bg2 {(00:14} Qa7 {(00:
22} 27. Qd2 {(12:11} Rd8 {(01:27} 28. Bd5 {(00:44} Ke7
{(02:03} 29. Qc2 {(02:57} Rhe8 {(05:00} 30. Qb3 {
(01:25} Kf8 {(00:26} 31. Rg2 {(00:20} Rc8 {(01:
52} 32. Qh3 {(01:39} h6 {(00:31} 33. Qf3 {(08:36} Rc5
{(00:48} 34. Rgd2 {(01:17} Qc7 {(00:52} 35. Qb3 {
(01:58} a5 {(01:30} 36. Rg1 {(02:03} Rc8 {(01:
17} 37. Qd3 {(01:39} Qb6 {(01:24} 38. Rg3 {(01:57} b4
{(00:39} 39. a4 {(02:41} Qc7 {(00:17} 40. Qa6 {(
00:00} Qd7 {(00:00} 41. Kb3 {(06:31} Bg5 {(06:52} 42.
Rdd3 {(07:40} Qc7 {(06:49} 43. Rg4 {(02:33} Rxd5 {
(01:13} 44. Rc4 {(05:28} Rxd3+ {(00:16} 0-1

[Event "42nd Olympiad Baku 2016 Open"]
[Site "Baku"]
[Date "2016.09.08"]
[Round "6.36"]
[White "Saltos Velez, Adrian"]
[Black "Alfaro, William"]
[Result "0-1"]
[ECO "B22"]
[WhiteElo "2088"]
[BlackElo "2188"]
[Annotator ""]
[PlyCount "68"]
[EventDate "2016.??.??"]
[EventCountry "AZE"]
[SourceTitle "playchess.com"]
[Source "ChessBase"]
[WhiteTeam "Ecuador"]
[BlackTeam "Nicaragua"]
[WhiteTeamCountry "ECU"]
[BlackTeamCountry "NCA"]
[TimeControl "40/5400+30:1800+30"]

1. e4 {(00:00} c5 {(01:05} 2. c3 {(01:16} g6 {(
02:24} 3. Nf3 {(03:42} d6 {(05:26} 4. Bc4 {(01:14} Nf6
{(00:42} 5. e5 {(05:53} dxe5 {(00:07} 6. Nxe5 {(
00:09} e6 {(00:02} 7. Qf3 {(02:23} Bg7 {(00:38} 8.
Bb5+ {(05:06} Nbd7 {(04:44} 9. Bxd7+ {(08:39} Bxd7 {
(00:38} 10. Qxb7 {(00:14} O-O {(00:04} 11. O-O {
(01:00} a5 {(13:47} 12. d4 {(12:35} Rb8 {(02:06]
} 13. Qa7 {(04:02} Bb5 {(06:49} 14. Rd1 {(10:32} Ne4 {
(01:31} 15. Nd2 {(17:37} Ra8 {(21:19} 16. Qb7 {(
00:31} Nd6 {(00:06} 17. Qf3 {(00:29} cxd4 {(01:32} 18.
cxd4 {(11:48} Nf5 {(00:13} 19. Ndc4 {(01:02} Nxd4 {
(05:36} 20. Qe4 {(09:38} Bxe5 {(01:50} 21. Nxe5 {
(01:53} Ne2+ {(00:14} 22. Qxe2 {(00:06} Bxe2 {(
00:03} 23. Rxd8 {(00:06} Rfxd8 {(00:11} 24. Be3 {(00:
20} Rac8 {(03:24} 25. f3 {(00:43} Rd1+ {(01:12} 26.
Rxd1 {(00:09} Bxd1 {(00:09} 27. Bd2 {(00:29} a4 {
(00:25} 28. Nd7 {(00:21} Rc2 {(03:02} 29. Nf6+ {
(00:36} Kg7 {(01:12} 30. Ne4 {(00:40} f5 {(01:
17} 31. Bc3+ {(00:19} Kg8 {(01:26} 32. Nf6+ {(01:56}
Kf7 {(00:15} 33. Nd7 {(00:14} a3 {(00:34} 34. Ne5+ {
(00:20} Ke8 {(01:39} 0-1

[Event "42nd Olympiad Baku 2016 Open"]
[Site "Baku"]
[Date "2016.09.08"]
[Round "6.24"]
[White "Sanches, Casanova Romario"]
[Black "Simutowe, Musatwe"]
[Result "0-1"]
[ECO "B10"]
[WhiteElo "2082"]
[BlackElo "2178"]
[Annotator ""]
[PlyCount "76"]
[EventDate "2016.??.??"]
[EventCountry "AZE"]
[SourceTitle "playchess.com"]
[Source "ChessBase"]
[WhiteTeam "Surinam"]
[BlackTeam "Zambia"]
[WhiteTeamCountry "SUR"]
[BlackTeamCountry "ZAM"]
[TimeControl "40/5400+30:1800+30"]

1. e4 {(00:00} c6 {(00:00} 2. c4 {(00:16} d5 {(
00:00} 3. cxd5 {(00:05} cxd5 {(00:00} 4. exd5 {(00:07}
Nf6 {(00:26} 5. Nc3 {(00:03} Nxd5 {(00:13} 6. Nf3 {
(00:04} Nc6 {(00:39} 7. Bb5 {(05:45} e6 {(04:55]
} 8. O-O {(01:13} Be7 {(04:57} 9. d4 {(08:11} O-O {
(00:16} 10. Re1 {(01:03} Bf6 {(03:43} 11. Ne4 {(
02:52} Bd7 {(04:15} 12. Nxf6+ {(00:35} Qxf6 {(02:25}
13. Bg5 {(13:59} Qg6 {(02:07} 14. Bd3 {(00:50} Qh5 {
(01:27} 15. Re4 {(13:00} f5 {(00:57} 16. Rh4 {(
00:21} Qg6 {(02:35} 17. Bd2 {(12:52} Qf6 {(04:55} 18.
Bg5 {(00:29} Qg6 {(01:51} 19. Bd2 {(00:15} Nf6 {
(01:46} 20. Rh3 {(03:48} Qe8 {(04:26} 21. Qb3 {(
02:18} Nd5 {(07:36} 22. Bc4 {(01:58} Nb6 {(05:11} 23.
Bd3 {(00:23} Rd8 {(05:54} 24. Bg5 {(03:37} Rc8 {
(00:26} 25. Re1 {(00:57} Qf7 {(02:22} 26. Be3 {(
03:19} Qf6 {(01:27} 27. Qd1 {(05:05} h6 {(02:58} 28.
Ne5 {(01:17} Be8 {(06:01} 29. Bc2 {(08:39} Rd8 {
(04:43} 30. Nxc6 {(03:40} Bxc6 {(00:45} 31. Bb3 {
(00:15} f4 {(04:57} 32. Bd2 {(03:11} Qxd4 {(00:
41} 33. Rxe6 {(02:37} Bd5 {(01:05} 34. Rexh6 {(01:04}
gxh6 {(00:23} 35. Qg4+ {(00:57} Qg7 {(00:12} 36. Bxd5+
{(00:50} Rxd5 {(00:36} 37. Qe6+ {(00:30} Kh7 {(
00:24} 38. Qe4+ {(01:33} Qg6 0-1

[Event "42nd Olympiad Baku 2016 Open"]
[Site "Baku"]
[Date "2016.09.08"]
[Round "6.1"]
[White "Santos da Costa, Jose Manuel"]
[Black "Rodgaard, John"]
[Result "0-1"]
[ECO "A13"]
[WhiteElo "1960"]
[BlackElo "2345"]
[Annotator ""]
[PlyCount "134"]
[EventDate "2016.??.??"]
[EventCountry "AZE"]
[SourceTitle "playchess.com"]
[Source "ChessBase"]
[WhiteTeam "STP"]
[BlackTeam "Faroe Islands"]
[BlackTeamCountry "FAI"]
[TimeControl "40/5400+30:1800+30"]

1. c4 {(00:00} e6 {(00:00} 2. Nc3 {(00:00} d5 {(
00:29} 3. cxd5 {(00:43} exd5 {(00:13} 4. d4 {(00:18}
c6 {(01:36} 5. Nf3 {(01:22} Bf5 {(01:01} 6. Bg5 {
(01:16} Qb6 {(01:42} 7. Qd2 {(03:46} Nd7 {(03:
45} 8. a3 {(01:59} Ngf6 {(02:41} 9. e3 {(02:04} Ne4 {
(17:31} 10. Qc1 {(01:24} Nxg5 {(05:17} 11. Nxg5 {
(00:09} Bd6 {(01:26} 12. Be2 {(07:27} O-O {(05:
22} 13. g4 {(03:04} Bg6 {(07:46} 14. h4 {(03:37} f6 {
(03:16} 15. Nh3 {(05:03} Rfe8 {(06:01} 16. h5 {(
02:30} Bf7 {(00:41} 17. Qc2 {(32:43} c5 {(07:54} 18.
Rd1 {(01:15} Rac8 {(02:01} 19. Kf1 {(03:56} cxd4 {
(03:31} 20. exd4 {(02:36} h6 {(04:30} 21. Bd3 {(
02:44} Nf8 {(02:14} 22. Bf5 {(00:48} Rc4 {(02:49} 23.
Qd2 {(02:04} Ne6 {(04:17} 24. Nxd5 {(00:52} Qd8 {
(07:57} 25. Bxe6 {(01:14} Rxe6 {(01:39} 26. Ne3 {
(00:11} Rc7 {(00:36} 27. Kg2 {(02:49} Rd7 {(01:
26} 28. Nf5 {(03:48} Bb8 {(01:23} 29. d5 {(03:07} Re5
{(00:16} 30. d6 {(00:33} Rxf5 {(01:22} 31. gxf5 {
(00:12} Bxh5 {(00:18} 32. Qd5+ {(01:12} Kh8 {(
01:32} 33. Qe6 {(02:38} Bxd1 {(00:21} 34. Rxd1 {(00:02]
} Rxd6 {(00:20} 35. Rxd6 {(00:19} Bxd6 {(00:39} 36. Qf7
{(00:52} Qe7 {(01:22} 37. Qxe7 {(00:53} Bxe7 {(
00:01} 38. Nf4 {(00:03} Bd6 {(00:44} 39. Ng6+ {(00:39}
Kg8 {(00:15} 40. Kf3 {(00:00} Kf7 {(00:00} 41. Ke4 {
(02:07} Ke8 {(02:37} 42. a4 {(01:46} Kd7 {(04:
27} 43. Kd5 {(00:41} a6 {(01:46} 44. b3 {(02:11} h5 {
(04:11} 45. Nh4 {(01:08} Bb8 {(01:20} 46. Ng6 {(
00:56} Ba7 {(01:48} 47. Nf4 {(09:41} h4 {(00:11} 48.
Nh3 {(00:09} a5 {(04:47} 49. f3 {(02:55} Be3 {(
02:41} 50. Ke4 {(00:54} Bd2 {(01:16} 51. Kd5 {(00:06}
Ke7 {(00:52} 52. Nf2 {(02:15} Be1 {(01:56} 53. Nh3 {
(00:18} Bg3 {(01:27} 54. Ng1 {(04:33} Kf7 {(01:
33} 55. Nh3 {(00:20} g6 {(01:20} 56. fxg6+ {(01:20}
Kxg6 {(00:02} 57. Ke6 {(00:09} Bb8 {(01:24} 58. Nf2 {
(02:11} Ba7 {(00:10} 59. Nh3 {(00:09} Be3 {(00:
17} 60. f4 {(01:25} f5 {(00:37} 61. Ke5 {(00:12} Ba7 {
(01:43} 62. Ke6 {(14:28} Bb8 {(02:19} 63. Kd7 {(
00:06} Kh5 {(00:46} 64. Kc8 {(00:26} Bd6 {(01:04} 65.
Kxb7 {(00:18} Kg4 {(01:07} 66. Kc6 {(00:08} Bb4 {
(01:05} 67. Nf2+ {(00:11} Kg3 {Kd6 Kf3+} 0-1

[Event "42nd Olympiad Baku 2016 Open"]
[Site "Baku"]
[Date "2016.09.08"]
[Round "6.9"]
[White "Saraci, Nderim"]
[Black "El Jawich, Amro"]
[Result "1-0"]
[ECO "E92"]
[WhiteElo "2337"]
[BlackElo "2260"]
[Annotator ""]
[PlyCount "111"]
[EventDate "2016.??.??"]
[EventCountry "AZE"]
[SourceTitle "playchess.com"]
[Source "ChessBase"]
[WhiteTeam "Kosovo"]
[BlackTeam "Lebanon"]
[WhiteTeamCountry "KOS"]
[BlackTeamCountry "LBN"]
[TimeControl "40/5400+30:1800+30"]

1. d4 {(00:00} Nf6 {(00:00} 2. Nf3 {(00:04} g6 {
(00:04} 3. c4 {(00:38} Bg7 {(00:06} 4. Nc3 {(00:
07} d6 {(00:56} 5. e4 {(00:19} O-O {(00:13} 6. Be2 {
(00:05} e5 {(00:14} 7. dxe5 {(01:25} dxe5 {(00:
17} 8. Qxd8 {(00:39} Rxd8 {(00:08} 9. Bg5 {(00:07} Re8
{(00:59} 10. Nd5 {(01:21} Nxd5 {(01:23} 11. cxd5 {
(00:11} c6 {(00:30} 12. Bc4 {(01:02} b5 {(03:19]
} 13. Bb3 {(02:48} Bb7 {(01:56} 14. Rd1 {(12:24} c5 {
(13:04} 15. h4 {(29:38} Nd7 {(09:06} 16. h5 {(
05:51} c4 {(11:33} 17. Bc2 {(00:07} a5 {(01:27} 18.
Be3 {(10:59} f6 {(10:36} 19. Ng1 {(07:27} Rec8 {
(08:42} 20. Ne2 {(05:17} b4 {(03:18} 21. Ba4 {(
06:44} Nc5 {(01:07} 22. Bxc5 {(00:52} Rxc5 {(00:04}
23. hxg6 {(04:01} hxg6 {(00:18} 24. Kd2 {(01:28} Ba6 {
(06:40} 25. Bd7 {(01:19} Bc8 {(04:03} 26. Bc6 {(
04:12} Rb8 {(01:32} 27. Kc2 {(02:15} f5 {(04:00} 28.
Be8 {(01:00} b3+ {(14:25} 29. Kb1 {(00:12} bxa2+ {
(00:06} 30. Ka1 {(00:43} Kf8 {(03:05} 31. Bxg6 {
(00:27} fxe4 {(00:46} 32. Bxe4 {(00:18} Bd7 {(
00:52} 33. Nc3 {(00:20} a4 {(00:22} 34. Kxa2 {(01:06}
Ra5 {(00:08} 35. Nb1 {(00:44} a3 {(01:17} 36. bxa3 {
(00:44} Ba4 {(00:17} 37. Rc1 {(00:53} Rab5 {(00:
53} 38. Ka1 {(00:30} Bb3 {(00:40} 39. Rc3 {(00:11} Kf7
{(00:29} 40. Rf3+ {(00:00} Ke8 {(00:00} 41. Rh7 {
(03:30} Bc2 {(06:50} 42. Bxc2 {(03:33} e4+ {(00:
05} 43. Rxg7 {(00:08} exf3 {(00:09} 44. gxf3 {(05:13}
Rb2 {(02:37} 45. Rg8+ {(02:15} Kd7 {(00:39} 46. Rxb8 {
(00:40} Rxb8 {(00:10} 47. Nd2 {(04:09} Kd6 {(01:
07} 48. Nxc4+ {(00:41} Kxd5 {(00:03} 49. Ne3+ {(01:38}
Ke5 {(01:37} 50. Ka2 {(00:31} Rf8 {(03:14} 51. Be4 {
(00:23} Kd4 {(00:10} 52. Kb3 {(00:16} Rb8+ {(00:
40} 53. Kc2 {(00:06} Rc8+ {(00:21} 54. Kd2 {(00:13}
Rb8 {(00:23} 55. Nc2+ {(00:50} Kc4 {(01:15} 56. a4 {
(00:28] Kd5} 1-0

[Event "42nd Olympiad Baku 2016 Open"]
[Site "Baku"]
[Date "2016.09.08"]
[Round "6.28"]
[White "Scerbin, Dmitrij"]
[Black "Beukes, Dante M"]
[Result "1-0"]
[ECO "D37"]
[WhiteElo "2347"]
[BlackElo "1612"]
[Annotator ""]
[PlyCount "43"]
[EventDate "2016.??.??"]
[EventCountry "AZE"]
[SourceTitle "playchess.com"]
[Source "ChessBase"]
[WhiteTeam "IPCA"]
[BlackTeam "NAM"]
[WhiteTeamCountry "RUS"]
[BlackTeamCountry "NAM"]
[TimeControl "40/5400+30:1800+30"]

1. d4 {(00:00} Nf6 {(00:00} 2. Nc3 {(00:00} g6 {
(00:00} 3. e4 {(00:00} d6 {(00:00} 4. f4 {(00:
16} Bg7 {(00:08} 5. Nf3 {(00:14} O-O {(00:17} 6. e5 {
(00:13} Ne8 {(10:36} 7. Bc4 {(02:39} c6 {(04:32]
} 8. Be3 {(00:30} d5 {(01:12} 9. Bd3 {(00:39} Bg4 {
(00:13} 10. h3 {(00:23} Bxf3 {(00:08} 11. Qxf3 {
(00:04} e6 {(00:19} 12. h4 {(01:29} Nc7 {(11:28]
} 13. h5 {(00:46} Nba6 {(08:34} 14. hxg6 {(08:44} hxg6
{(00:27} 15. a3 {(00:42} c5 {(33:26} 16. g4 {(
12:25} c4 {(07:37} 17. Be2 {(00:06} Qd7 {(03:14} 18.
Qh3 {(02:46} Rfe8 {(02:09} 19. f5 {(02:00} exf5 {
(01:16} 20. Qh7+ {(00:16} Kf8 {(00:13} 21. Bh6 {
(00:04} Ke7 {(01:54} 22. Bg5+ 1-0

[Event "42nd Olympiad Baku 2016 Open"]
[Site "Baku"]
[Date "2016.09.08"]
[Round "6.16"]
[White "Schenaoui Nabil"]
[Black "Kwon, Sehyun"]
[Result "0-1"]
[ECO "B20"]
[WhiteElo "2150"]
[BlackElo "2111"]
[Annotator ""]
[PlyCount "61"]
[EventDate "2016.??.??"]
[EventCountry "AZE"]
[SourceTitle "playchess.com"]
[Source "ChessBase"]
[WhiteTeam "Tunisia"]
[BlackTeam "Korea"]
[WhiteTeamCountry "TUN"]
[BlackTeamCountry "KOR"]
[TimeControl "40/5400+30:1800+30"]

1. d3 {(00:00} c5 {(01:02} 2. g3 {(00:12} g6 {(
00:22} 3. Bg2 {(00:43} Bg7 {(00:13} 4. e4 {(01:25} Nc6
{(01:20} 5. f4 {(00:26} d6 {(04:11} 6. c3 {(02:
31} Rb8 {(03:09} 7. Nf3 {(05:24} Bg4 {(03:21} 8. h3 {
(00:28} Bxf3 {(00:59} 9. Bxf3 {(00:33} e6 {(01:
16} 10. O-O {(01:05} Nge7 {(01:27} 11. Qe2 {(02:20}
O-O {(08:39} 12. h4 {(04:03} b5 {(02:12} 13. h5 {
(06:26} d5 {(03:13} 14. e5 {(03:31} d4 {(01:29}
15. Nd2 {(03:12} dxc3 {(03:11} 16. bxc3 {(00:03} b4 {
(00:42} 17. cxb4 {(05:36} Qd4+ {(07:50} 18. Kg2 {
(00:58} Qxa1 {(00:55} 19. Nb3 {(00:38} Qc3 {(00:
47} 20. Bd2 {(12:51} Qb2 {(01:17} 21. Nxc5 {(00:09}
Nd4 {(01:36} 22. Qf2 {(00:18} Nxf3 {(01:59} 23. Kxf3 {
(00:02} Rfd8 {(00:50} 24. hxg6 {(00:32} hxg6 {(
00:49} 25. Rh1 {(01:09} Qxa2 {(00:45} 26. Qh2 {(00:42}
Qd5+ {(01:17} 27. Kg4 {(01:59} Nf5 {(04:04} 28. Qh7+ {
(00:34} Kf8 {(00:15} 29. Be1 {(02:18} Ke7 {(06:
02} 30. Na6 {(00:51} Rh8 {(01:03} 31. Nxb8 {(01:50}
0-1